 Dungeon Crawl Stone Soup version 0.27.1-33-g824d729ab1 (webtiles) character file.

Game seed: 4940101418286567710

51 pkoi the Shield-Bearer (level 3, -1/31 HPs)
             Began as a Draconian Fighter on Nov 30, 2021.
             Slain by an adder (3 damage)
             ... on level 2 of the Dungeon.
             The game lasted 00:01:50 (2077 turns).

pkoi the Shield-Bearer (Draconian Fighter)          Turns: 2077, Time: 00:01:51

Health: -1/31      AC:  5    Str: 18    XL:     3   Next: 57%
Magic:  3/3        EV: 10    Int:  9    God:
Gold:   33         SH:  9    Dex: 10    Spells: 2/2 levels left

rFire    + . .     SeeInvis .     - Unarmed
rCold    . . .     Faith    .   a - +0 kite shield
rNeg     . . .     Spirit   .   (armour unavailable)
rPois    .         Reflect  .   (helmet restricted)
rElec    .         Harm     .   (no cloak)
rCorr    .         Rampage  .   (no gloves)
Will     .....                  (no boots)
Stlth    +.........             (no amulet)
HPRegen  0.10/turn              d - ring of protection from fire
MPRegen  0.08/turn              (no ring)

@: lethally poisoned (-1 -> -2)
A: AC +5, unfitting armour, cold-blooded
a: no special abilities


You were on level 2 of the Dungeon.
You visited 1 branch of the dungeon, and saw 2 of its levels.

You collected 33 gold pieces.

Inventory:

Missiles
 g - 23 poisoned darts (quivered)
Armour
 a - a +0 kite shield (worn)
Jewellery
 d - a ring of protection from fire (left hand)
Scrolls
 c - a scroll of vulnerability {unknown}
 e - 2 scrolls of amnesia {unknown}
 h - a scroll of fear {unknown}
Potions
 b - a potion of might
 i - a potion of lignification {unknown}
 j - a potion of cancellation {unknown}
 k - a potion of curing {unknown}


   Skills:
 - Level 3.2 Fighting
 - Level 2.6 Dodging
 + Level 3.5 Shields
 * Level 3.4 Unarmed Combat


You had 2 spell levels left.
You didn't know any spells.
Your spell library was empty.

Dungeon Overview and Level Annotations

Branches:
Dungeon (2/15)

Altars:

Shops:
D:2 =


Innate Abilities, Weirdness & Mutations

Your plain brown scales are hard. (AC +5)
You cannot fit into any form of body armour.
You are cold-blooded and may be slowed by cold attacks.


Message History

You closely miss the adder. The adder barely misses you. The adder bites you.
Your shield prevents you from hitting the adder.
The adder bites you but does no damage.
You closely miss the adder. The adder bites you.
You are poisoned.
The adder poisons you! You block the adder's attack.
You barely miss the adder.
Your tail-slap misses the adder.
You feel sick. The adder bites you. x2
You are too injured to fight recklessly!
You are too injured to fight recklessly!
You are too injured to fight recklessly!
You are too injured to fight recklessly!
You are too injured to fight recklessly!
You are too injured to fight recklessly!
You barely miss the adder. You tail-slap the adder.
The adder is heavily wounded.
You feel sick. The adder bites you.
You are more poisoned.
The adder poisons you!
You completely miss the adder.
The adder is heavily wounded.
You feel very sick. The adder bites you but does no damage.
The adder closely misses you.
You hit the adder.
The adder is severely wounded.
You feel sick. The adder barely misses you.
You barely miss the adder.
The adder is severely wounded.
You feel sick. The adder bites you.
* * * LOW HITPOINT WARNING * * *
The adder bites you but does no damage.
You closely miss the adder.
The adder is severely wounded.
You feel sick. The adder bites you.
* * * LOW HITPOINT WARNING * * *
You closely miss the adder.
The adder is severely wounded.
* * * LOW HITPOINT WARNING * * *
You feel sick. You block the adder's attack. The adder bites you.
You die...

..# #..#.#####...# #.#
#..#.........##
#.#.##..............
#.#...........#..# ####.
##.####..###.#.#..# .....
.....∩...# #.#.#..##...#
##.####..# #.#.#..#....+
#.# #..# #.#.#..#....#.
#.# ##......#.#@S.......
##.###.#.###.#...........
.#........ ..#.#..#......
.#####.#.###.#)#.?# ###.#
.............#.#..#.#
.#####.#.###.#.#..#.###.#
.##.....................#
.#####.#.###.#...........
.......#.# #.#...........


You could see an adder.

Vanquished Creatures
  An adder (D:2)
  A worm (D:2)
  A dart slug (D:2)
  7 ball pythons
  2 endoplasms (D:1)
  6 goblins
  A hobgoblin (D:1)
  5 quokkas
  A bat (D:1)
  2 frilled lizards (D:1)
  5 kobolds (D:1)
  2 rats (D:1)
34 creatures vanquished.

Notes
Turn   | Place    | Note
-------+----------+-------------------------------------------
     0 | D:1      | pkoi the Draconian Fighter began the quest for the Orb.
     0 | D:1      | Reached XP level 1. HP: 19/19 MP: 1/1
   105 | D:1      | Found a faded altar of an unknown god.
   173 | D:1      | Reached XP level 2. HP: 20/26 MP: 2/2
  1474 | D:1      | Reached XP level 3. HP: 16/31 MP: 3/3
  2042 | D:2      | Found Yqait's Jewellery Boutique.
  2077 | D:2      | Slain by an adder

Illustrated notes

Levels and vault maps discovered:
D:1:      amcnicky_arrival_single_pillar, layout_loops_corners,
          chequers_ecumenical_altar_island
D:2:      layout_basic, serial_shops, shop

Skill      XL: |  1  2 |
---------------+-------+-----
Unarmed Combat | 3 |  3.4
Fighting       | |  3.2
Dodging        | |  2.6
Shields        | |  3.5

Action                   || total
-------------------------++-------
Melee: Unarmed           ||   151
       Tailslap          ||    11
  Use: Potion            ||     1
Armor: Skin              ||    45
Dodge: Dodged            ||    75
Block: Kite shield       ||    66
